Unix NetHack Version 3.7.0-95 Work-in-progress - last build Jan 1 2024 20:51:50 (6a0ccc5fa2390e420dd2d488a2f9488d2ae3a63b,branch:master). Game began 2024-01-11 12:26:24, ended 2024-01-11 21:51:11. tzt, lawful female human Valkyrie ---------- -------------- |[[[[[.%.| ->........[(@| |[[[[[[[.-# --------------- |........%[[[E# |[%%[.[[.|# |.............| |............|# ----------# #..<...........-# --------------# # #|..........{..|# # # ##---------------% # # # % ## # ## # ### ## ##### % --.------------- ### # # ----- |..............| #------ # # |...| +..............| #|....| # ## |...+ |..............| #|....| # ###....| #####...............| #......## |....####### ---------------- ------ ----- Tzt the Woman-at-arms St:18/12 Dx:16 Co:17 In:7 Wi:8 Ch:8 Lawful S:29527 Dlvl:15 $:2419 HP:0(91) Pw:16(16) AC:-6 Xp:10/6587 T:8014 Satiated Strained Latest messages: You drop an uncursed frost horn. Your movements are now unencumbered. The 'F' prefix should be followed by a movement command. You have a little trouble lifting an uncursed frost horn. Continue? [ynq] (q) y You have a little trouble lifting a - an uncursed frost horn. Your movements are slowed slightly because of your load. The winged gargoyle hits! The winged gargoyle hits again! The winged gargoyle bites! What do you want to drop? [$a-di-prsu-wyzCDFJ-SUW-Z or ?*] ? You drop an uncursed bag called ei-holding containing 8 items. Your movements are now unencumbered. The winged gargoyle hits! The winged gargoyle misses! The winged gargoyle bites! The umber hulk drinks a potion of speed! The umber hulk is suddenly moving faster. The winged gargoyle hits! The winged gargoyle hits again! The winged gargoyle bites! You feel less confused now. The massive hammer hits! Lightning strikes the winged gargoyle! The winged gargoyle hits! The winged gargoyle misses! The winged gargoyle misses! The massive hammer hits! Lightning strikes the winged gargoyle! You kill the winged gargoyle! There are several objects here. The umber hulk's gaze confuses you! You stop waiting. The massive hammer hits! Lightning strikes the umber hulk! The umber hulk hits! The umber hulk misses! The umber hulk misses! The massive hammer hits! Lightning strikes the umber hulk! You kill the umber hulk! You feel less confused now. There are several objects here. You have much trouble lifting an umber hulk corpse. Continue? [ynq] (q) y You have much trouble lifting T - an umber hulk corpse. V - a potion of healing. You stagger under your heavy load. Movement is very hard. The water elemental hits! The water elemental hits! You die... Do you want your possessions identified? [ynq] (y) y Do you want to see your attributes? [ynq] (y) y Do you want an account of creatures vanquished? [ynaq] (y) y Do you want to see your conduct and achievements? [ynq] (y) y Do you want to see the dungeon overview? [ynq] (y) y Inventory: Coins $ - 2419 gold pieces Weapons N - the rustproof +0 Demonbane M - the rustproof +0 Mjollnir (weapon in right hand) P - the rustproof +0 Sunsword Armor j - an uncursed +0 orcish helm (being worn) v - a blessed +1 pair of gauntlets of dexterity (being worn) r - an uncursed +0 pair of speed boots (being worn) c - an uncursed +3 small shield (being worn) m - an uncursed burnt +3 cloak of protection (being worn) n - an uncursed +0 studded leather armor (being worn) Comestibles p - 5 uncursed food rations J - 2 uncursed lembas wafers T - an uncursed umber hulk corpse Scrolls O - an uncursed scroll of amnesia l - a blessed scroll of blank paper d - a blessed scroll of confuse monster C - a blessed scroll of create monster i - an uncursed scroll of create monster u - an uncursed scroll of destroy armor W - an uncursed scroll of enchant weapon b - an uncursed scroll of fire L - an uncursed scroll of food detection Z - 2 uncursed scrolls of light o - an uncursed scroll of scare monster Y - an uncursed scroll of teleportation Potions S - an uncursed potion of fruit juice V - an uncursed potion of healing z - an uncursed potion of levitation Wands K - a wand of create monster (0:8) U - a wand of light (0:14) y - a wand of lightning (0:4) Tools a - a frost horn (0:4) k - an uncursed skeleton key X - a +0 unicorn horn Gems/Stones Q - an uncursed garnet stone s - an uncursed opal w - an uncursed worthless piece of black glass R - an uncursed worthless piece of orange glass D - an uncursed worthless piece of yellow glass Tzt the Valkyrie's attributes: Background: You were a Woman-at-arms, a level 10 human Valkyrie. You were lawful, on a mission for Tyr who was opposed by Odin (neutral) and Loki (chaotic). You were right-handed. You were in the Dungeons of Doom, on level 15. You entered the dungeon 8014 turns ago. There was a new moon in effect when your adventure ended. You had 6587 experience points, 3413 more were needed to attain level 11. Your score was 29527 before end-of-game adjustments. Basics: You had 0 out of 91 hit points. You had all 16 energy points (spell power). Your armor class was -6. Your wallet contained 2419 zorkmids. Autopickup was off. Final Characteristics: Your strength was 18/12 (limit:18/100). Your dexterity was 16 (base:15, limit:18). Your constitution was 17 (limit:18). Your intelligence was 7 (limit:18). Your wisdom was 8 (limit:18). Your charisma was 8 (limit:18). Final Status: You were satiated. You were strained; movement was very slowed. You were wielding a hammer. You had expert skill with hammer. Final Attributes: You were piously aligned. You were cold resistant. You were poison resistant. You saw invisible. You were telepathic. You were stealthy. You were protected. You were very fast. You were lucky. You are dead. Miscellaneous: You never encountered a bones level. Total elapsed playing time was 1 hour, 52 minutes and 56 seconds. Major events: Turn 1: tzt the lawful human Valkyrie entered the dungeon 928: attained the rank of Skirmisher (level 3) 1436: entered the Gnomish Mines 2399: was bestowed with Mjollnir by Tyr 2632: was bestowed with Sunsword by Tyr 3769: attained the rank of Fighter (level 6) 7603: attained the rank of Woman-at-arms (level 10) 7988: was bestowed with Demonbane by Tyr 8014: killed by a water elemental Vanquished creatures: 3 queen bees a winged gargoyle an umber hulk an elven monarch a doppelganger 4 large mimics a fire elemental a giant mummy a winter wolf 12 small mimics an ettin mummy a pyrolisk 2 tigers a gargoyle 2 leocrottas a mountain centaur an elf mummy a python 2 pit vipers a wraith 4 Grey-elves 4 winter wolf cubs a lynx a panther a leprechaun 2 giant spiders a black light a vampire bat a yeti a Green-elf a lizard a dog 2 housecats a gray unicorn a raven a gnome mummy 2 apes a rope golem a Woodland-elf 2 soldier ants a fire ant 7 bugbears a Mordor orc 2 orc shamans a rock piercer a rock mole a fog cloud 2 yellow lights a shrieker 2 gnome leaders a gnomish wizard 4 elf zombies 2 straw golems a giant ant 2 floating eyes a homunculus a kobold leader 10 hill orcs 2 rothes a rabid rat a giant bat a monkey a dwarf zombie 4 iguanas 21 killer bees an acid blob 3 large kobolds 6 hobgoblins 6 giant rats 2 cave spiders a green mold 2 red molds 3 gnomes 2 gnome zombies 6 geckos a jackal 4 goblins a sewer rat 10 grid bugs a bat 2 lichens 3 kobold zombies 2 newts 197 creatures vanquished. No species were genocided or became extinct. Voluntary challenges: You read items or engraved 15 times. You never engraved Elbereth. You never genocided any monsters. You never polymorphed an object. You used no wishes. Achievements: You entered a shop. You attained the rank of Skirmisher. You entered the Gnomish Mines. You attained the rank of Fighter. You attained the rank of Woman-at-arms. The Dungeons of Doom: levels 1 to 15 Level 1: Level 2: A fountain. Level 3: Level 4: An altar to Tyr. Stairs down to The Gnomish Mines. Level 5: An altar, a fountain. Level 6: A fountain. Level 7: Many fountains. Level 8: A fountain, a grave. Level 9: A fountain, a sink. Level 10: Level 11: Level 12: Level 13: A grave. Level 14: Some fountains. Summoned by the Norn. Level 15: <- You were here. An altar to Tyr, a fountain. Final resting place for you, killed by a water elemental. The Gnomish Mines: Level 5: Game over: ---------- / \ / REST \ / IN \ / PEACE \ / \ | tzt | | 2419 Au | | killed by a | | water elemental | | | | | | 2024 | *| * * * | * _________)/\\_//(\/(/\)/\//\/|_)_______ Farvel tzt the Valkyrie... You died in The Dungeons of Doom on dungeon level 15 with 29286 points, and 2419 pieces of gold, after 8014 moves. You were level 10 with a maximum of 91 hit points when you died.